Map: Dusk Towers

Players

CaptRaynor

  • Race: Zerg Zerg
  • League: Silver

Argy - Winner!

  • Race: Zerg Zerg
  • League: Gold

VOD

Have the link to the VOD?

Description

Time

  • Played on: May 1, 2016, 7:04 p.m.
  • Length: 4:13
Show
View Real Time Build Order
Export as new Build Order

CaptRaynor Zerg 

Build Orders: Hatch First 

Get SALT Encoding   

  12  0:01  Drone  
  13  0:14  Overlord  
  13  0:19  Drone  
  14  0:32  Drone x2  
  16  0:52  Hatchery  
  16  0:57  Drone  
  16  1:00  Drone  
  16  1:01  Drone  
  18  1:16  Spawning Pool  
  17  1:20  Extractor  
  17  1:21  Drone  
  17  1:24  Drone  
  18  1:35  Drone  
  19  1:45  Extractor  
  18  1:48  Drone  
  18  1:51  Overlord  
  19  2:04  Queen x2  
  23  2:10  Zergling x4  
  25  2:20  Overlord  
  25  2:21  Drone  
  26  2:25  Drone  
  27  2:42  Lair  
  27  3:01  Drone  
  27  3:02  Drone x3  
  27  3:03  Drone x2  
  33  3:07  Queen  
  35  3:21  Drone  
  35  3:24  Overlord x2  
  37  3:49  Evolution Chamber  
  37  3:55  Hydralisk Den  
  35  3:57  Infestation Pit  
Show
View Real Time Build Order
Export as new Build Order

Argy Zerg - Winner!

Build Orders: Hatch First 

Get SALT Encoding   

  12  0:01  Drone  
  13  0:09  Drone  
  14  0:18  Overlord  
  14  0:26  Extractor  
  14  0:27  Drone  
  15  0:36  Drone x2  
  17  0:55  Hatchery  
  16  0:57  Drone  
  16  1:00  Drone  
  18  1:05  Extractor  
  18  1:06  Drone  
  18  1:20  Spawning Pool  
  18  1:22  Drone  
  18  1:33  Drone  
  19  1:43  Drone  
  20  1:50  Overlord  
  20  2:07  Queen  
  22  2:09  Queen  
  22  2:11  Metabolic Boost  
  22  2:13  Zergling x2  
  22  2:14  Zergling x4  
  27  2:21  Zergling x4  
  29  2:31  Baneling Nest  
  29  2:32  Zergling x4  
  30  2:53  Overlord  
  30  2:54  Zergling x6  
  33  3:14  Zergling x6  
  36  3:27  Zergling x10  
  36  3:28  Zergling x4  
  43  3:38  Zergling x2  
  43  3:58  Baneling x3  
Tags
 
Add a new tag
Caveats
  • Supply blocks, unpowered buildings, or Contaminate may cause inaccurate times.
  • Supply counts are checked every 10 seconds.